 Dungeon Crawl Stone Soup version 0.29.1-1-gd02db6906a (webtiles) character file.

Game seed: 8497797789066495223

2 hawla the Sneak (level 1, -10/19 HPs)
             Began as a Meteoran Delver on Oct 2, 2022.
             Killed from afar by an orc wizard (12 damage)
             ... with a puff of flame
             ... on level 5 of the Dungeon.
             The game lasted 00:00:56 (17 turns).

hawla the Sneak (Meteoran Delver)                     Turns: 17, Time: 00:00:57

Health: -10/19     AC:  3    Str: 13    XL:     1   Next: 42%
Magic:  2/2        EV: 12    Int: 11    God:
Gold:   0          SH:  0    Dex: 15    Spells: 0/0 levels left

rFire   . . .      SeeInvis .   a - +0 mace
rCold   . . .      Faith    .   (no shield)
rNeg    . . .      Spirit   .   b - +0 leather armour
rPois   .          Reflect  .   (no helmet)
rElec   .          Harm     .   (no cloak)
rCorr   .          Rampage  .   (no gloves)
Will    .....                   (no boots)
Stlth   +.........              (no amulet)
HPRegen 0.06/turn               (no ring)
MPRegen 0.08/turn               (no ring)

@: glowing
A: sense surroundings 1, otherworldly, glowing, explore regen
a: no special abilities


You were on level 5 of the Dungeon.
You visited 1 branch of the dungeon, and saw 1 of its levels.

Inventory:

Hand Weapons
 a - a +0 mace (weapon)
Armour
 b - a +0 leather armour (worn)
Wands
 g - a wand of digging (3)
Scrolls
 c - a scroll of fog
 d - a scroll of magic mapping
 e - a scroll of fear
 h - a scroll of teleportation {unknown}
Potions
 f - a potion of haste


   Skills:
 + Level 3.3 Fighting
 + Level 2.7 Maces & Flails
 + Level 2.4 Dodging
 - Level 3.7 Stealth


You couldn't memorise any spells.
You didn't know any spells.
Your spell library was empty.

Dungeon Overview and Level Annotations

Branches:
Dungeon (5/15) Zot: 580
 Temple: D:4-7

Altars:


Innate Abilities, Weirdness & Mutations

You passively map a small area around you.
You are easily found by Zot.
You glow in the dark.
You regain HP and MP as you explore.


Message History

The orc shouts! x2; You hear a shout! x5
An orc comes into view. It is wielding a +0 trident.
An orc wizard comes into view. It is wielding a +0 dagger.
You don't know any spells.
Sorry, you're not good enough to have a special ability.
You don't know any spells.
Sorry, you're not good enough to have a special ability.
A gnoll comes into view. It is wielding a +0 flail.
Found a scroll labelled OKHLIUPPIHAL.
The gnoll shouts!
A gnoll comes into view. It is wielding a +0 flail.
A gnoll comes into view. It is wielding a +0 spear.
You hit the orc.
The orc is almost dead.
The orc barely misses you.
You hit the orc.
You kill the orc!
The orc barely misses you.
An iguana comes into view.
The orc closely misses you.
A gnoll sergeant comes into view. It is wielding a +0 trident.
You don't know any spells.
Unknown command.
You barely miss the orc wizard.
The iguana hisses angrily.
The gnoll sergeant shouts!
You hear a shout!
The orc completely misses you.
The orc wizard hits you but does no damage.
The orc closely misses you.
You barely miss the orc wizard. Your punch misses the orc wizard.
The orc hits you from afar with a +0 trident.
An orc comes into view. It is wielding a +0 dagger.
The orc wizard barely misses you. The orc hits you with a +0 mace.
The gnoll hits you with a +0 flail!
The orc hits you from afar with a +0 trident.
* * * LOW HITPOINT WARNING * * *
The orc barely misses you.
The orc wizard points at you and mumbles some strange words.
The puff of flame hits you!
Ouch! That really hurt!
You die...

, , #. #
#####.#
#..#.#.....# *
.#....#.#...# ,
.........>#.# ,
#.####.#.#.#
*###.#.#.# * *
* #...#.#.# *
+...#.#.# ,, ,
,
#.####.@.#.#..,
......ogo#.#..
, , * ,
.......og#.#..,
, ........g#
.......lg#,* ,
, * #.####...#,
, * #. #.$.o ,
, #...? , , *
####.., ,,


You could see a gnoll sergeant, an iguana, an orc wizard, 3 gnolls and 3 orcs.

Vanquished Creatures
  An orc (D:5)
1 creature vanquished.

Notes
Turn   | Place    | Note
-------+----------+-------------------------------------------
     0 | D:5      | hawla the Meteoran Delver began the quest for the Orb.
     0 | D:5      | Reached XP level 1. HP: 19/19 MP: 2/2
    10 | D:5      | Noticed an orc wizard
    14 | D:5      | Noticed an iguana
    15 | D:5      | Noticed a gnoll sergeant
    17 | D:5      | Killed from afar by an orc wizard

Illustrated notes

Levels and vault maps discovered:
D:5:      layout_basic, mainiacjoe_overflow_surrounded_room,
          biasface_ghost_orc_armoury

Action                   || total
-------------------------++-------
Melee: Mace              ||     4
Armor: Leather armour    ||     1
Dodge: Dodged            ||     7
